General information
- name: BNet
- type: Ladder team game (AT/RT)
- host: Battle.net
- saver: NoMeansNo
map: Deadlock
- players: 8
- length: 33:22
- speed: Fast
- version: 1.27 W3XP
- replay type: Public
» download(183 KB)
Players
team 1 (winner)
FFXV-SUCKS-ASS (
yellow | 70 APM | 2332 actions | 33:22)
6 Blademaster
2 Critical Strike
3 Wind Walk
1 Bladestorm
4 Shadow Hunter
2 Hex
2 Healing Wave
» actions
| Assign group hotkey | 56 | |
| Basic commands | 13 | |
| Build / train | 85 | |
| Enter build submenu | 40 | |
| Enter hero's abilities submenu | 10 | |
| Give item / drop item | 1 | |
| Remove unit from queue | 2 | |
| Right click | 1135 | |
| Select / deselect | 254 | |
| Select group hotkey | 603 | |
| Use ability | 133 | |
2332 total
» units
| Peon | 25 | |
| Grunt | 4 | |
| Wind Rider | 6 | |
| Wisp | 4 | |
| Raider | 9 | |
48 total
» upgrades
| Reinforced Defenses | 1 | |
| Envenomed Spears | 1 | |
| Ensnare | 1 | |
| Armor | 1 | |
| Ranged Weapons | 1 | |
| Melee Weapons | 1 | |
| Pillage | 1 | |
7 total
» buildings
| Altar of Storms | 1 | |
| Orc Burrow | 6 | |
| Barracks | 1 | |
| Voodoo Lounge | 1 | |
| Stronghold | 1 | |
| War Mill | 1 | |
| Beastiary | 4 | |
| Great Hall | 3 | |
| Watch Tower | 50 | |
| Fortress | 2 | |
| Tree of Life | 3 | |
73 total
» build order
00:07 Altar of Storms
00:23 Orc Burrow
00:35 Barracks
01:25 Orc Burrow
01:55 Voodoo Lounge
02:54 Stronghold
03:36 War Mill
05:25 Orc Burrow
05:29 Beastiary
05:45 Beastiary
06:44 Great Hall
07:33 Orc Burrow
08:36 Watch Tower
09:02 Watch Tower
09:06 Watch Tower
09:52 Watch Tower
09:53 Watch Tower
10:32 Fortress
10:32 Fortress
10:34 Watch Tower
10:34 Watch Tower
10:39 Watch Tower
10:39 Watch Tower
10:39 Watch Tower
10:40 Watch Tower
10:40 Watch Tower
10:40 Watch Tower
10:42 Watch Tower
10:45 Watch Tower
10:45 Watch Tower
10:46 Watch Tower
11:06 Watch Tower
11:06 Watch Tower
11:39 Watch Tower
11:40 Watch Tower
11:59 Watch Tower
12:11 Watch Tower
12:11 Watch Tower
12:11 Watch Tower
12:42 Watch Tower
12:42 Watch Tower
12:43 Watch Tower
12:43 Watch Tower
14:44 Watch Tower
14:44 Watch Tower
14:44 Watch Tower
15:28 Watch Tower
15:52 Watch Tower
15:53 Watch Tower
17:29 Watch Tower
17:29 Watch Tower
18:12 Tree of Life
18:33 Watch Tower
19:03 Orc Burrow
19:17 Orc Burrow
19:29 Tree of Life
19:33 Tree of Life
21:40 Great Hall
21:43 Watch Tower
21:43 Watch Tower
21:51 Watch Tower
21:52 Watch Tower
21:55 Watch Tower
22:52 Watch Tower
25:07 Great Hall
25:09 Watch Tower
25:09 Watch Tower
25:10 Watch Tower
25:10 Watch Tower
25:10 Watch Tower
28:19 Beastiary
28:20 Beastiary
» items
| Healing Salve | 2 | |
| Scroll of Town Portal | 6 | |
| Orb of Lightning | 1 | |
| Lesser Clarity Potion | 1 | |
| Potion of Mana | 2 | |
12 total
playingOSRS (
blue | 47 APM | 790 actions | 16:37)
1 Warden
1 Shadow Strike
» actions
| Assign group hotkey | 2 | |
| Basic commands | 1 | |
| Build / train | 81 | |
| Enter build submenu | 11 | |
| Enter hero's abilities submenu | 1 | |
| Right click | 481 | |
| Select / deselect | 174 | |
| Select group hotkey | 4 | |
| Use ability | 35 | |
790 total
» units
» buildings
| Moon Well | 9 | |
| Altar of Elders | 1 | |
| Tree of Life | 1 | |
11 total
» build order
00:25 Moon Well
01:00 Moon Well
01:30 Moon Well
01:41 Altar of Elders
02:42 Moon Well
05:30 Moon Well
05:39 Tree of Life
05:43 Moon Well
05:45 Moon Well
08:36 Moon Well
10:43 Moon Well
» items
| Healing Salve | 1 | |
| Scroll of Speed | 2 | |
| Potion of Healing | 1 | |
| Lesser Clarity Potion | 1 | |
| Scroll of Town Portal | 2 | |
7 total
DETR0IT (
green | 26 APM | 407 actions | 15:23)
3 Demon Hunter
1 Immolation
2 Mana Burn
1 Keeper of the Grove
1 Entangling Roots
» actions
| Build / train | 37 | |
| Enter build submenu | 19 | |
| Enter hero's abilities submenu | 4 | |
| Right click | 85 | |
| Select / deselect | 213 | |
| Use ability | 49 | |
407 total
» units
| Wisp | 10 | |
| Archer | 6 | |
| Mountain Giant | 3 | |
| Dryad | 9 | |
28 total
» upgrades
| Strength of the Wild | 1 | |
| Reinforced Hides | 1 | |
2 total
» buildings
| Altar of Elders | 1 | |
| Moon Well | 6 | |
| Ancient of War | 1 | |
| Tree of Ages | 1 | |
| Ancient of Wonders | 1 | |
| Hunter's Hall | 1 | |
| Tree of Life | 1 | |
| Ancient of Lore | 2 | |
14 total
» build order
00:04 Altar of Elders
00:13 Moon Well
00:30 Ancient of War
01:36 Moon Well
02:24 Moon Well
03:41 Tree of Ages
03:44 Moon Well
03:50 Ancient of Wonders
04:17 Hunter's Hall
04:40 Moon Well
05:16 Tree of Life
06:04 Ancient of Lore
06:07 Ancient of Lore
11:38 Moon Well

»
DGunzUpScout666 (
purple | 14 APM | 206 actions | 14:36)
3 Blood Mage
2 Flame Strike
1 Siphon Mana
» actions
| Basic commands | 2 | |
| Build / train | 27 | |
| Enter build submenu | 11 | |
| Enter hero's abilities submenu | 3 | |
| Remove unit from queue | 4 | |
| Right click | 75 | |
| Select / deselect | 68 | |
| Use ability | 16 | |
206 total
» units
| Peasant | 12 | |
| Footman | 5 | |
| Rifleman | -1 | |
16 total
» buildings
| Farm | 5 | |
| Altar of Kings | 1 | |
| Barracks | 2 | |
| Lumber Mill | 1 | |
| Blacksmith | 1 | |
| Arcane Vault | 1 | |
| Keep | 1 | |
12 total
» build order
00:25 Farm
00:41 Altar of Kings
01:26 Barracks
01:39 Barracks
01:44 Lumber Mill
01:52 Farm
02:23 Blacksmith
02:31 Farm
03:13 Arcane Vault
03:29 Farm
04:25 Farm
07:55 Keep
» items
| Boots of Speed | 1 | |
| Periapt of Vitality | 1 | |
2 total
team 2 (loser)
NoMeansNo (
pink | 60 APM | 2017 actions | 33:22)
7 Blademaster
3 Wind Walk
3 Critical Strike
1 Mirror Image
» actions
| Assign group hotkey | 43 | |
| Basic commands | 308 | |
| Build / train | 74 | |
| Enter build submenu | 46 | |
| Enter hero's abilities submenu | 8 | |
| Give item / drop item | 6 | |
| Remove unit from queue | 1 | |
| Right click | 616 | |
| Select / deselect | 373 | |
| Select group hotkey | 428 | |
| Use ability | 114 | |
2017 total
» units
» upgrades
| Troll Regeneration | 1 | |
| Reinforced Defenses | 1 | |
| Ranged Weapons | 3 | |
| Armor | 3 | |
| Envenomed Spears | 1 | |
| Spiked Barricades | 1 | |
10 total
» buildings
| Orc Burrow | 5 | |
| Altar of Storms | 1 | |
| Barracks | 1 | |
| Voodoo Lounge | 1 | |
| War Mill | 2 | |
| Stronghold | 1 | |
| Great Hall | 2 | |
| Watch Tower | 35 | |
| Beastiary | 4 | |
| Fortress | 2 | |
54 total
» build order
00:13 Orc Burrow
00:54 Altar of Storms
00:56 Barracks
01:10 Orc Burrow
02:03 Voodoo Lounge
02:43 War Mill
03:36 Orc Burrow
04:09 Stronghold
04:58 Great Hall
05:03 Watch Tower
05:03 Watch Tower
05:33 Watch Tower
07:21 Watch Tower
07:22 Watch Tower
07:23 Watch Tower
07:24 Watch Tower
08:02 Watch Tower
08:02 Watch Tower
08:02 Watch Tower
08:05 Watch Tower
09:05 Beastiary
10:12 Fortress
10:13 Fortress
10:15 Beastiary
10:17 Beastiary
10:43 Beastiary
11:45 Great Hall
12:38 Watch Tower
12:38 Watch Tower
12:39 Watch Tower
12:39 Watch Tower
12:57 War Mill
17:16 Orc Burrow
17:20 Orc Burrow
18:42 Watch Tower
18:42 Watch Tower
18:43 Watch Tower
18:44 Watch Tower
18:46 Watch Tower
18:48 Watch Tower
18:49 Watch Tower
18:50 Watch Tower
18:50 Watch Tower
18:52 Watch Tower
18:53 Watch Tower
18:53 Watch Tower
21:48 Watch Tower
21:48 Watch Tower
21:48 Watch Tower
26:09 Watch Tower
26:09 Watch Tower
26:10 Watch Tower
26:10 Watch Tower
26:11 Watch Tower
» items
| Healing Salve | 6 | |
| Staff of Teleportation | 1 | |
| Orb of Lightning | 1 | |
| Periapt of Vitality | 1 | |
| Potion of Lesser Invulnerability | 1 | |
| Potion of Healing | 3 | |
| Scroll of Town Portal | 2 | |
15 total

»
B0V1CE (
teal | 43 APM | 1384 actions | 32:03)
5 Blademaster
3 Critical Strike
1 Wind Walk
1 Mirror Image
5 Tauren Chieftain
3 Endurance Aura
1 Shockwave
1 War Stomp
» actions
| Assign group hotkey | 20 | |
| Basic commands | 168 | |
| Build / train | 73 | |
| ESC pressed | 2 | |
| Enter build submenu | 15 | |
| Enter hero's abilities submenu | 10 | |
| Remove unit from queue | 2 | |
| Right click | 321 | |
| Select / deselect | 269 | |
| Select group hotkey | 396 | |
| Use ability | 108 | |
1384 total
» units
| Peon | 16 | |
| Troll Headhunter/Berserker | 29 | |
45 total
» upgrades
| Armor | 4 | |
| Ranged Weapons | 3 | |
| Troll Regeneration | 1 | |
| Berserker Upgrade | 1 | |
9 total
» buildings
| Altar of Storms | 1 | |
| Barracks | 2 | |
| Orc Burrow | 6 | |
| War Mill | 1 | |
| Stronghold | 1 | |
| Watch Tower | 2 | |
| Voodoo Lounge | 1 | |
| Fortress | 1 | |
| Great Hall | 1 | |
16 total
» build order
00:44 Altar of Storms
00:47 Barracks
00:56 Orc Burrow
01:56 Orc Burrow
02:04 War Mill
02:20 Orc Burrow
03:38 Stronghold
04:03 Watch Tower
04:07 Watch Tower
05:11 Barracks
05:59 Voodoo Lounge
06:01 Fortress
08:08 Orc Burrow
08:10 Orc Burrow
08:12 Orc Burrow
12:39 Great Hall
» items
| Orb of Lightning | 1 | |
| Healing Salve | 1 | |
| Lesser Clarity Potion | 1 | |
3 total
RealGz (
red | 28 APM | 730 actions | 26:06)
3 Mountain King
2 Storm Bolt
1 Bash
1 Paladin
1 Holy Light
» actions
| Basic commands | 28 | |
| Build / train | 80 | |
| Enter build submenu | 17 | |
| Enter hero's abilities submenu | 4 | |
| Right click | 273 | |
| Select / deselect | 273 | |
| Use ability | 52 | |
730 total
» units
| Peasant | 7 | |
| Footman | 11 | |
| Rifleman | 19 | |
| Knight | 2 | |
| Dragonhawk Rider | 10 | |
49 total
» upgrades
| Masonry | 3 | |
| Defend | 1 | |
| Gunpowder | 2 | |
| Armor | 3 | |
| Plating | 2 | |
| Swords | 2 | |
| Lumber Harvesting | 2 | |
| Long Rifles | 1 | |
| Backpack | 1 | |
| Animal War Training | 1 | |
| Cloud | 1 | |
19 total
» buildings
| Altar of Kings | 1 | |
| Farm | 14 | |
| Lumber Mill | 1 | |
| Barracks | 1 | |
| Scout Tower | 3 | |
| Arcane Vault | 1 | |
| Arcane Tower | 1 | |
| Blacksmith | 1 | |
| Keep | 1 | |
| Guard Tower | 3 | |
| Castle | 1 | |
| Gryphon Aviary | 1 | |
29 total
» build order
01:00 Altar of Kings
01:03 Farm
01:07 Farm
01:08 Farm
01:13 Lumber Mill
01:43 Barracks
01:49 Farm
01:53 Scout Tower
02:19 Farm
02:23 Arcane Vault
02:40 Arcane Tower
03:40 Blacksmith
03:47 Farm
03:50 Farm
04:49 Scout Tower
04:49 Scout Tower
04:53 Farm
04:54 Farm
05:43 Keep
05:45 Guard Tower
05:56 Guard Tower
05:57 Guard Tower
11:49 Castle
17:24 Gryphon Aviary
18:00 Farm
18:01 Farm
18:01 Farm
18:02 Farm
18:04 Farm

»
Raging.Nerd (
orange | 114 APM | 2975 actions | 26:02)
4 Archmage
2 Summon Water Elemental
2 Brilliance Aura
2 Mountain King
1 Storm Bolt
1 Bash
» actions
| Assign group hotkey | 76 | |
| Basic commands | 35 | |
| Build / train | 76 | |
| Enter build submenu | 21 | |
| Enter hero's abilities submenu | 6 | |
| Remove unit from queue | 1 | |
| Right click | 1446 | |
| Select / deselect | 473 | |
| Select group hotkey | 737 | |
| Use ability | 103 | |
2975 total
» units
| Peasant | 7 | |
| Footman | 8 | |
| Rifleman | 13 | |
| Sorceress | 4 | |
| Priest | 5 | |
| Mortar Team | 1 | |
38 total
» upgrades
| Long Rifles | 1 | |
| Gunpowder | 2 | |
| Lumber Harvesting | 1 | |
| Defend | 1 | |
| Sorceress Training | 1 | |
| Plating | 1 | |
| Armor | 1 | |
8 total
» buildings
| Altar of Kings | 1 | |
| Farm | 11 | |
| Barracks | 1 | |
| Scout Tower | 1 | |
| Arcane Tower | 1 | |
| Keep | 3 | |
| Lumber Mill | 1 | |
| Arcane Vault | 1 | |
| Blacksmith | 1 | |
| Arcane Sanctum | 1 | |
| Castle | 1 | |
| Workshop | 2 | |
25 total
» build order
00:07 Altar of Kings
00:21 Farm
00:35 Barracks
00:59 Farm
01:37 Scout Tower
01:44 Farm
02:08 Arcane Tower
03:10 Keep
03:10 Keep
03:41 Lumber Mill
05:37 Farm
05:37 Farm
05:49 Arcane Vault
06:06 Farm
06:10 Blacksmith
06:32 Arcane Sanctum
08:59 Farm
09:01 Farm
09:39 Farm
10:42 Farm
11:52 Farm
17:44 Castle
17:48 Workshop
17:53 Workshop
» items
| Scroll of Regeneration | 3 | |
| Potion of Healing | 3 | |
| Lesser Clarity Potion | 1 | |
| Scroll of Town Portal | 1 | |
| Potion of Mana | 1 | |
9 total
Chat log
(02:28 / All) FFXV-SUCKS-ASS: ps4 or xbox
(02:37 / All) Raging.Nerd: ps4
(02:38 / All) DGunzUpScout666: ps4
(02:38 / All) NoMeansNo: PC masterrace
(02:39 / All) B0V1CE: whats that
(02:48 / All) FFXV-SUCKS-ASS: or the "wii u"
(02:55 / All) Raging.Nerd: kids playing wii ju
(02:57 / All) Raging.Nerd: JEW
(03:09 / Allies) NoMeansNo: take all my creeps why don't ya
(03:24 / All) FFXV-SUCKS-ASS: truce teal
(03:28 / Allies) B0V1CE: lol
(03:43 / All) FFXV-SUCKS-ASS: pics of my sister if u leave me alone
(03:52 / All) B0V1CE: shes 18 right ;p
(05:21 / All) playingOSRS: merked
(05:32 / All) Raging.Nerd: lol faggot hiding
(05:44 / All) Raging.Nerd: u shuda helped ur ally
(06:00 / All) Raging.Nerd: my footies merked
(06:05 / All) playingOSRS: kik :P
(06:16 / All) playingOSRS: i was busy
(06:23 / All) Raging.Nerd: im stoned as fk
(06:32 / Allies) B0V1CE: same
(06:34 / All) DGunzUpScout666: i wish
(06:42 / Allies) Raging.Nerd: nice
(06:52 / All) NoMeansNo: nice one buddy
(07:00 / All) playingOSRS: you wanna see nice?
(07:13 / All) NoMeansNo: *shaking in his red leather hooker boots*
(07:17 / Allies) Raging.Nerd: push
(07:58 / Allies) Raging.Nerd: grab a doc
(08:56 / Allies) RealGz: spread out some
(09:00 / Allies) RealGz: don't block me in
(09:09 / Allies) NoMeansNo: lumber
(09:14 / All) playingOSRS: hit me next
(09:55 / All) playingOSRS: im mad good
(10:01 / All) playingOSRS: LMFAO
(10:04 / All) playingOSRS: ALL GAME
(10:09 / All) playingOSRS: THEY FINALLY JUST NOTICED
(10:16 / All) playingOSRS: TOOK 15 MINS
(10:23 / All) playingOSRS: COME TO THE LEFT GUYS
(11:18 / All) DETR0IT: my team blows cock
(11:22 / All) playingOSRS: GOLD PLS
(11:26 / All) B0V1CE: im from michigna
(11:28 / All) playingOSRS: im the best player out their
(11:30 / All) B0V1CE: by the way
(12:05 / Allies) Raging.Nerd: verNZ
(12:14 / All) playingOSRS: what would u do with 60 wisps?
(12:15 / Allies) Raging.Nerd: they gonna try to kill AM
(12:38 / All) playingOSRS: what would you do?
(12:41 / Allies) NoMeansNo: lumber?
(13:04 / All) playingOSRS: you guys wanna really mess
(13:08 / All) playingOSRS: i have mass chims
(13:10 / All) playingOSRS: your all deads
(13:18 / All) playingOSRS: oj
(13:23 / All) playingOSRS: wanna see you get merked?
(13:33 / All) playingOSRS: busy playing runescape
(13:39 / All) playingOSRS: oj
(13:42 / All) playingOSRS: you guys ready?
(13:52 / Allies) B0V1CE: lol
(13:54 / All) B0V1CE: lol
(13:56 / All) playingOSRS: you ready?
(13:58 / All) playingOSRS: oj?
(14:16 / All) playingOSRS: say yes!
(14:27 / All) playingOSRS: do you wanna laugh?
(14:37 / All) playingOSRS: you all loose
(14:43 / All) playingOSRS: LMFAO
(14:47 / All) Raging.Nerd: rofl
(14:52 / All) playingOSRS: lmfao
(15:02 / All) Raging.Nerd: craty
(15:04 / All) Raging.Nerd: Crayyy
(15:26 / Allies) NoMeansNo: LUMBER PLEASE PEOPLE
(15:38 / All) playingOSRS: teal
(15:40 / All) playingOSRS: dont kill me
(16:00 / All) Raging.Nerd: teals highlight reel
(16:17 / All) playingOSRS: hes gunna have tope score
(16:19 / All) playingOSRS: from xp
(16:19 / Allies) Raging.Nerd: red
(16:20 / Allies) Raging.Nerd: gg
(16:48 / Allies) B0V1CE: kill yellow
(16:50 / Allies) B0V1CE: only one left
(16:59 / All) Raging.Nerd: love the towers
(17:11 / All) FFXV-SUCKS-ASS: ty
(17:25 / Allies) Raging.Nerd: whods mkaing sage
(17:27 / Allies) Raging.Nerd: seige
(17:38 / Allies) RealGz: i'll make some dragonhawck smoke
(17:55 / All) Raging.Nerd: expos
(18:01 / Allies) Raging.Nerd: feed some pink?
(18:02 / Allies) B0V1CE: already cleared em
(18:03 / All) FFXV-SUCKS-ASS: not brah
(18:03 / Allies) Raging.Nerd: nice gold man
(18:06 / Allies) B0V1CE: ill check
(18:50 / All) Raging.Nerd: more that aint enuff
(19:25 / All) FFXV-SUCKS-ASS: whose ur favorite actor oj?
(20:26 / Allies) B0V1CE: wtf pink
(20:28 / Allies) B0V1CE: lol
(20:28 / All) Raging.Nerd: aint enuff pink lol
(20:35 / All) Raging.Nerd: faggot took expos tho
(20:52 / Allies) B0V1CE: PIN KWTF
(20:54 / All) FFXV-SUCKS-ASS: out plz
(21:01 / Allies) RealGz: pink is attacking
(21:04 / Allies) RealGz: kill pink
(21:21 / All) NoMeansNo: COME AND GET IT PUSSY
(21:24 / All) Raging.Nerd: lol
(21:31 / Allies) RealGz: just cause you got raped
(21:35 / Allies) RealGz: fuck off whore
(22:15 / Allies) Raging.Nerd: hit his exos
(22:17 / Allies) Raging.Nerd: expos
(22:18 / Allies) RealGz: i
(22:21 / Allies) RealGz: am
(22:23 / Allies) RealGz: not
(22:28 / Allies) RealGz: gunna save you
(22:41 / Allies) RealGz: i don't like humans anyways
(23:24 / Allies) B0V1CE: kill hrero
(23:45 / All) FFXV-SUCKS-ASS: oh plz mr stoner
(24:51 / Allies) Raging.Nerd: fight
(26:01 / Allies) Raging.Nerd: gg
(26:04 / All) NoMeansNo: lol
(26:17 / All) NoMeansNo: I HAVE NOT YET BEGUN TO FIGHT!
(26:37 / All) FFXV-SUCKS-ASS: fun game gonna go to bed fter. did oj talk any to u
(27:07 / All) FFXV-SUCKS-ASS: teal had a lot of hh
(28:15 / Allies) NoMeansNo: RAPED
(28:29 / Allies) B0V1CE: lol i still win
(28:34 / Allies) NoMeansNo: damn you got molested
(28:36 / Allies) NoMeansNo: no you don't
(28:39 / Allies) NoMeansNo: yellow wins
(28:42 / Allies) B0V1CE: i do though
(28:49 / All) NoMeansNo: YELLOW WINS
(28:50 / All) NoMeansNo: HAHAHAHA
(29:28 / All) FFXV-SUCKS-ASS: yses sir
(29:32 / All) FFXV-SUCKS-ASS: i cant believe i won
(32:06 / All) NoMeansNo: lol
(32:19 / All) NoMeansNo: let's stats
(32:23 / All) NoMeansNo: to see if there's a real good account
(32:41 / All) NoMeansNo: all losers on this team
(33:19 / All) NoMeansNo: crap players over on that side too